AoeStats
← 无助小羊

Nomad

510935877Analyzed
3v3 RM · 19h ago on Oct 3, 2026· 26m 44s· 6 players
Game mode
Random Map
Map size
210×210
Population
200
Speed
Normal
Resources
Standard
Victory
Conquest
Starting age
Dark Age
Ending age
Imperial Age
RankedLock teamsTeams togetherTeam positionsShared explorationLock speedFull tech treeHidden civsTurbo modeCheats
Victory
Defeat
🇨🇳 Spanish · China
1450
+15
🇦🇷 Bengalis · Argentina
1436
+16
🇲🇽 Malians · Mexico
1371
+18
🇨🇳 Vietnamese · China
1467
-18
🇨🇳 Varangians · China
1411
-16
🇨🇳 Mongols · China
1398
-15
欧阳没有偏旁
14:09 Feudal Age
17:06 Loom
巴山猴子
3:49 Loom
13:40 Feudal Age
14:16 Town Watch
14:17 Double-Bit Axe
17:30 Fletching
21:44 Castle Age
20:41 Padded Archer Armor
确认过眼神
14:22 Feudal Age
12:45 Loom
15:05 Double-Bit Axe
16:13 Fishing Lines
17:11 Gold Mining
18:06 Forging
21:45 Castle Age
20:43 Wheelbarrow
21:33 Scale Barding Armor
22:41 Fletching
23:12 Medium Warships
23:51 Bodkin Arrow
25:20 Stone Mining
26:31 Bow Saw
La Calabaza
4:58 Loom
13:04 Feudal Age
16:52 Castle Age
26:12 Double-Bit Axe
Caconero
7:16 Loom
13:34 Feudal Age
14:05 Double-Bit Axe
14:54 Gold Mining
16:27 Fishing Lines
20:52 Castle Age
19:56 Forging
19:48 Horse Collar
21:59 Medium Warships
21:47 Stone Mining
22:08 Fletching
23:22 Bodkin Arrow
无助小羊
4:54 Loom
13:28 Feudal Age
18:27 Castle Age
17:09 Stone Mining
23:26 Wheelbarrow
25:22 Padded Archer Armor
Connection lost

Rejoining the realm…

Still unreachable

The connection could not be restored.

Session expired

The server has moved on; the page needs a fresh start.